 Dungeon Crawl Stone Soup version 0.22-a0-278-g8f801747b2 (webtiles) character file.

10612 NooBeakApe the Covert (level 11, -1/81 HPs)
             Began as a Naga Enchanter on Mar 15, 2018.
             Was an Elder of Ru.
             Slain by Niddhogr's ghost (23 damage)
             ... on level 12 of the Dungeon.
             The game lasted 00:51:23 (15963 turns).

NooBeakApe the Covert (Naga Enchanter)             Turns: 15963, Time: 00:51:24

Health: -1/81      AC: 13    Str: 12    XL:     11   Next: 64%
Magic:  5/20       EV:  8    Int: 15    God:    Ru [****..]
Gold:   468        SH:  0    Dex: 14    Spells: 7/22 levels left

rFire    . . .     SeeInvis +   z - +0 dagger (elec)
rCold    . . .     Gourm    .   (shield unavailable)
rNeg     + . .     Faith    .   y - +2 robe {rN+}
rPois    +         Spirit   .   C - +0 helmet
rElec    .         Reflect  .   R - +0 cloak
rCorr    .         Harm     .   v - +0 pair of gloves
MR       ++...                  b - +0 naga barding
Stlth    +++++.....             l - amulet of rage
HPRegen  0.23/turn              (ring unavailable)
MPRegen  0.17/turn              E - ring of protection from magic

@: berserk cooldown, slowed, very slow
A: large, see invisible, deformed body, poison resistance, slowness 2, slow
metabolism 1, spit poison 1, missing a hand, no air magic, no necromancy magic,
no translocations magic, missing an eye, AC +3
a: Spit Poison, Draw Out Power, Power Leap, Renounce Religion, Evoke Berserk
Rage


You were on level 12 of the Dungeon.
You worshipped Ru.
Ru was greatly pleased with you.
You were not hungry.

You visited 2 branches of the dungeon, and saw 13 of its levels.

You collected 666 gold pieces.
You spent 198 gold pieces at shops.

Inventory:

Hand Weapons
 a - a +0 dagger of venom
 z - a +0 dagger of electrocution (weapon)
 M - a +0 hunting sling
 N - a +3 rapier
Missiles
 J - 177 sling bullets
Armour
 b - a +0 naga barding (worn)
 v - a +0 pair of gloves (worn)
 y - a +2 robe of positive energy (worn)
 C - a +0 helmet (worn)
 R - a +0 cloak (worn)
Jewellery
 k - an uncursed ring of flight
 l - an amulet of rage (around neck)
 E - a ring of protection from magic (right hand)
 I - an uncursed ring of wizardry
Wands
 e - a wand of paralysis (15)
 r - a wand of disintegration (12)
 D - a wand of random effects (16)
 Q - a wand of digging (10)
 S - a wand of polymorph (24)
Scrolls
 c - 9 scrolls of teleportation
 f - 8 scrolls of remove curse
 h - 2 scrolls of magic mapping
 i - a scroll of enchant armour {unknown}
 w - a scroll of acquirement {unknown}
 x - a scroll of blinking
 G - 3 scrolls of fog
 H - a scroll of torment {unknown}
 K - a scroll of immolation
 P - a scroll of amnesia
Potions
 g - 2 potions of heal wounds
 j - 2 potions of degeneration {unknown}
 m - a potion of cancellation {unknown}
 n - 2 potions of agility {unknown}
 o - 5 potions of mutation {unknown}
 p - a potion of lignification {unknown}
 q - 2 potions of might {unknown}
 s - 3 potions of curing
 t - a potion of flight {unknown}
 u - 3 potions of haste {unknown}
 A - a potion of magic
 B - 5 potions of brilliance {unknown}
 F - 2 potions of resistance {unknown}
 O - a potion of ambrosia {unknown}
Miscellaneous
 T - a sack of spiders
Comestibles
 d - 15 rations


   Skills:
 + Level 8.6 Short Blades
 + Level 4.8 Slings
 - Level 2.0 Dodging
 + Level 12.7 Stealth
 - Level 6.0 Spellcasting
 - Level 2.0 Conjurations
 + Level 9.5 Hexes
 - Level 2.0 Ice Magic
 - Level 2.0 Poison Magic
 + Level 4.9 Evocations


You had 7 spell levels left.
You knew the following spells:

 Your Spells              Type           Power        Failure   Level  Hunger
b - Ensorcelled Hibernat  Hex/Ice        ###...       1%          2    #......
c - Confuse               Hex            ####....     1%          3    ##.....
d - Tukima's Dance        Hex            ####....     1%          3    ##.....
e - Dazzling Spray        Conj/Hex       ###...       4%          3    ##.....
f - Olgreb's Toxic Radia  Pois           ##......     54%         4    ####...


Dungeon Overview and Level Annotations

Branches:
Dungeon (12/15)            Temple (1/1) D:6             Orc (0/2) D:10
   Lair: D:8-11

Altars:
Ashenzari
Cheibriados
Dithmenos
Elyvilon
Fedhas
Gozag
Hepliaklqana
Kikubaaqudgha
Makhleb
Nemelex Xobeh
Okawaru
Qazlal
Ru
Sif Muna
Trog
Uskayaw
Vehumet
Wu Jian
Xom
Yredelemnul
Zin
The Shining One

Shops:
D:7 [%}[%   D:8 :!=!

Annotations:
D:12 Niddhogr's ghost, journeyman FoFi


Innate Abilities, Weirdness & Mutations

You cannot wear boots.
Your serpentine skin is tough. (AC +3)
You have supernaturally acute eyesight. (SInv)
Armour fits poorly on your strangely shaped body.
Your system is resistant to poisons. (rPois)
You cover ground very slowly.
You have a slow metabolism.
You can spit poison.
You are missing a hand.
You cannot study or cast Air magic.
You cannot study or cast Necromancy magic.
You cannot study or cast Translocations magic.
You are missing an eye, making it more difficult to aim.


Message History

Niddhogr's ghost hits you!!
You hit Niddhogr's ghost.
Niddhogr's ghost is heavily damaged.
You completely miss Niddhogr's ghost.
Niddhogr's ghost is heavily damaged.
You closely miss Niddhogr's ghost.
Niddhogr's ghost is heavily damaged.
Niddhogr's ghost hits you!
* * * LOW HITPOINT WARNING * * *
You writhe in agony.
* * * LOW HITPOINT WARNING * * *
You hit Niddhogr's ghost but do no damage.
Niddhogr's ghost is heavily damaged.
You closely miss Niddhogr's ghost.
Niddhogr's ghost is heavily damaged.
You feel a strong urge to attack something.
You are no longer berserk.
You are exhausted.
You feel yourself slow down. Niddhogr's ghost hits you!!
You die...

#.######## #.... #.# #.#.#
######### #.# ##.#.#
#####...<...# #.# #..#.#
....#.......#####.## ##.#..#
###.#..............# ##.###.#
.................#.# #.## ##.
............####...# ##.###.#
###.........####@### ##<#..#
#.#.........##W# #.....
###.##(.....#.##.###########..###
....##.####..................## #
....##.## ######.###########.#
##.##...## #.# #.## # #....#..#
#.# ##.### ####....# #.# ##...
##.#.#######.# ##.#


You could see Niddhogr's ghost.

Vanquished Creatures
  2 two-headed ogres
  Joseph (D:9)
  2 trolls
  6 hippogriffs
  4 yaks (D:12)
  2 hungry ghosts
  A steam dragon (D:11)
  2 orc warriors
  5 sky beasts
  An ice beast (D:10)
  9 ogres
  The ghost of Ikesh the Charmwright, an amateur DgSk (D:3)
  9 centaurs
  4 big kobolds
  4 gnoll sergeants (D:9)
  5 bullfrogs
  Blork the orc (D:4)
  A wyvern zombie (D:11)
  2 scorpions
  A wyvern skeleton (D:12)
  A water moccasin skeleton (D:9)
  3 wights (D:12)
  15 killer bees
  3 howler monkeys
  A bullfrog zombie (D:5)
  4 crimson imps
  A centaur zombie (D:6)
  A bullfrog skeleton (D:5)
  3 jellies
  A gnoll shaman (D:9)
  7 orc priests
  5 hounds
  14 orc wizards
  A centaur skeleton (D:5)
  8 iguanas
  13 worker ants
  A hound zombie (D:9)
  2 hound skeletons
  14 adders
  15 gnolls (D:9)
  A howler monkey skeleton (D:5)
  A worker ant zombie (D:6)
  2 shadow imps
  2 oozes
  3 worms
  4 dart slugs
  7 leopard geckos
  40 orcs
  2 ball pythons
  6 bats
  6 giant cockroaches
  7 goblins
  10 hobgoblins
  21 jackals
  3 quokkas
  7 frilled lizards
  A jackal skeleton (D:7)
  22 kobolds
  A quokka skeleton (D:7)
  A quokka zombie (D:6)
  7 rats
330 creatures vanquished.

Vanquished Creatures (collateral kills)
  A two-headed ogre (D:11)
1 creature vanquished.

Grand Total: 331 creatures vanquished

Notes
Turn   | Place    | Note
-------+----------+-------------------------------------------
     0 | D:1      | NooBeakApe the Naga Enchanter began the quest for the Orb.
     0 | D:1      | Reached XP level 1. HP: 15/15 MP: 3/3
   253 | D:1      | Reached XP level 2. HP: 22/22 MP: 5/5
   443 | D:1      | Learned a level 2 spell: Ensorcelled Hibernation
   995 | D:2      | Reached XP level 3. HP: 25/28 MP: 6/6
  1028 | D:2      | You fall through a shaft!
  1173 | D:3      | Learned a level 3 spell: Confuse
  1434 | D:3      | Noticed Ikesh's ghost (amateur DgSk)
  1578 | D:2      | HP: 1/28 [leopard gecko (4)]
  1927 | D:2      | Reached skill level 5 in Stealth
  2009 | D:2      | Reached XP level 4. HP: 36/36 MP: 7/7
  2650 | D:4      | Reached XP level 5. HP: 40/42 MP: 7/9
  2658 | D:4      | Noticed an ogre
  2684 | D:4      | Killed an ogre
  2684 | D:4      | Reached XP level 6. HP: 9/49 MP: 10/10
  2999 | D:4      | Reached skill level 6 in Stealth
  3010 | D:4      | Learned a level 3 spell: Tukima's Dance
  3120 | D:4      | Reached XP level 7. HP: 11/55 MP: 4/11
  3441 | D:4      | Reached skill level 5 in Hexes
  3441 | D:4      | Reached skill level 1 in Evocations
  3828 | D:4      | Noticed Blork the orc
  3848 | D:4      | Killed Blork the orc
  4034 | D:4      | Learned a level 3 spell: Dazzling Spray
  4630 | D:3      | Killed Ikesh's ghost
  4630 | D:3      | Reached skill level 7 in Stealth
  4774 | D:3      | Found a white marble altar of Elyvilon.
  5069 | D:5      | Entered Level 5 of the Dungeon
  5142 | D:5      | Reached XP level 8. HP: 35/62 MP: 12/12
  5370 | D:5      | Reached skill level 5 in Short Blades
  5653 | D:5      | Reached skill level 8 in Stealth
  6267 | D:5      | Reached XP level 9. HP: 34/68 MP: 2/14
  6945 | D:6      | Found a staircase to the Ecumenical Temple.
  7036 | D:6      | Reached skill level 9 in Stealth
  7112 | D:7      | Found Veneer's Gadget Shoppe.
  7130 | D:7      | Found an ancient bone altar of Kikubaaqudgha.
  7136 | D:7      | Found Jouhees's Antique Armour Shop.
  7189 | D:7      | Found Tewei's Armour Boutique.
  7475 | D:7      | HP: 5/102 [hippogriff (4)]
  8121 | D:7      | Found Foej's Food Emporium.
  8210 | D:7      | Found Daetuir's Food Boutique.
  8372 | D:7      | Reached skill level 10 in Stealth
  8960 | Temple   | Entered the Ecumenical Temple
  8978 | Temple   | Became a worshipper of Ru the Awakened
  9197 | D:8      | Learned a level 4 spell: Olgreb's Toxic Radiance
  9296 | D:8      | Found Vintatuf's Distillery.
  9303 | D:8      | Found a basalt altar of Yredelemnul.
  9365 | D:8      | Bought a potion of heal wounds for 60 gold pieces
  9377 | D:8      | Found an iron altar of Okawaru.
  9431 | D:8      | Found Equdol's Distillery.
  9434 | D:8      | Bought a potion of berserk rage for 60 gold pieces
  9441 | D:8      | Found Tuulusch's Jewellery Shop.
  9450 | D:8      | Bought a cursed amulet of inaccuracy for 24 gold pieces
  9450 | D:8      | Bought a cursed ring of teleportation for 54 gold pieces
  9461 | D:8      | Found Yxtetubb's Book Shop.
  9664 | D:9      | Found a sparkling altar of Nemelex Xobeh.
  9664 | D:9      | Noticed a troll
  9680 | D:9      | Killed a troll
  9680 | D:9      | Reached skill level 1 in Slings
  9680 | D:9      | Reached skill level 5 in Spellcasting
  9680 | D:9      | Reached XP level 10. HP: 34/75 MP: 17/17
 10128 | D:9      | Gained mutation: You are missing a hand. [Ru sacrifice]
 10128 | D:9      | Reached * piety under Ru
 10128 | D:9      | Reached ** piety under Ru
 10156 | D:9      | Reached skill level 1 in Poison Magic
 10272 | D:9      | Noticed a two-headed ogre
 10302 | D:9      | Killed a two-headed ogre
 10302 | D:9      | Reached skill level 1 in Ice Magic
 10363 | D:9      | Reached skill level 11 in Stealth
 10386 | D:9      | Noticed Joseph
 10628 | D:9      | Killed Joseph
 11280 | D:9      | Found a deep blue altar of Sif Muna.
 11303 | D:9      | Identified Sif Muna's Handbook of Shape Shifting
 11435 | D:9      | Reached skill level 1 in Conjurations
 11680 | D:10     | Entered Level 10 of the Dungeon
 11947 | D:10     | Found a staircase to the Orcish Mines.
 11993 | D:10     | Gained mutation: You are missing an eye, making it more difficult to aim. [Ru sacrifice]
 11993 | D:10     | Reached *** piety under Ru
 12031 | D:10     | Reached XP level 11. HP: 66/81 MP: 14/20
 12686 | D:11     | Reached skill level 12 in Stealth
 13125 | D:11     | Found a snail-covered altar of Cheibriados.
 13134 | D:11     | Noticed a two-headed ogre
 13174 | D:11     | Killed a two-headed ogre
 13295 | D:11     | Noticed a skeletal warrior
 13879 | D:11     | Noticed a skeletal warrior
 13888 | D:11     | Noticed a skeletal warrior
 14147 | D:12     | Noticed Niddhogr's ghost (journeyman FoFi)
 14713 | D:12     | Noticed a two-headed ogre
 14720 | D:12     | Killed a two-headed ogre
 15047 | D:12     | Gained mutation: You cannot study or cast Air magic. [Ru sacrifice]
 15047 | D:12     | Gained mutation: You cannot study or cast Necromancy magic. [Ru sacrifice]
 15047 | D:12     | Gained mutation: You cannot study or cast Translocations magic. [Ru sacrifice]
 15047 | D:12     | Reached **** piety under Ru
 15963 | D:12     | Slain by Niddhogr's ghost

Vault maps used:
D:1:      evilmike_arrival_crescent, minmay_misc_feat_pillars
D:3:      marbit_many_paths, kennysheep_generic_room_4
D:4:      minmay_box_of_dots, uniq_blork_the_orc
D:5:      first_ration, roderic_nine_men_s_morris
D:6:      temple_statues
D:7:      kiku_gazebo_pond_becter, serial_shops, shop, shop, shop, shop,
          nicolae_shop_stone
D:8:      nicolae_overflow_hidden_temple, okawaru_metal_pillars_1_2,
          serial_shops, kennysheep_mini, shop, kennysheep_mini_moat, shop
D:9:      nemelex_xobeh_ov_fountains_minmay, led_sif_book, serial_gnoll_camp,
          gnoll_camp_mini_doghouse, gnoll_camp_mini_house,
          gnoll_camp_mini_basic, gnoll_camp_huts_basic, gnoll_camp_mini_hut,
          uniq_joseph
D:10:     david_orc_2
D:11:     erik_lair_dragon, basic_altar
Temple:   nicolae_temple_elliptical

Skill      XL: |  1  2  3  4  5  6  7  8  9 10 11 |
---------------+----------------------------------+-----
Dodging        | 2 |  2.0
Stealth        | 5 6 7 8 10 11 12 | 12.7
Short Blades   | 2 3 4 5 6 7 8 |  8.6
Hexes          | 4 5 7 8 9 |  9.5
Spellcasting   | 3 5 6 |  6.0
Evocations     | 2 3 4 |  4.9
Slings         | 1 3 4 |  4.8
Poison Magic   | 2 |  2.0
Ice Magic      | 2 |  2.0
Conjurations   | 1 2 |  2.0

Action                   |  1- 3 |  4- 6 |  7- 9 | 10-12 || total
-------------------------+-------+-------+-------+-------++-------
Melee: Dagger            |   107 |   116 |   476 |   538 ||  1237
       Spear             |       |       |     3 |       ||     3
 Cast: Corona            |     2 |       |       |       ||     2
       Ensorcelled Hiber |       |     2 |    20 |    60 ||    82
       Tukima's Dance    |       |       |     1 |     5 ||     6
       Confuse           |       |       |     5 |    26 ||    31
       Dazzling Spray    |       |       |       |     1 ||     1
Invok: Sacrifice a Hand  |       |       |       |     1 ||     1
       Sacrifice an Eye  |       |       |       |     1 ||     1
       Sacrifice Arcana  |       |       |       |     1 ||     1
 Abil: Spit Poison       |     5 |     3 |    11 |    11 ||    30
       Evoke Berserk Rag |       |       |     5 |     4 ||     9
       Evoke Flight      |       |       |     2 |     1 ||     3
  Use: Scroll            |     2 |     1 |     6 |    10 ||    19
       Potion            |       |     1 |     3 |     3 ||     7
 Stab: Sleeping          |     7 |     9 |    28 |    47 ||    91
       Confused          |       |       |     2 |     7 ||     9
       Distracted        |       |       |     1 |     5 ||     6
       Invisible         |       |       |       |     4 ||     4
  Eat: Chunk             |     3 |     2 |    19 |    10 ||    34
       Ration            |       |       |     4 |     4 ||     8
Armor: Robe              |    13 |     5 |   208 |   286 ||   512
       Leather armour    |       |    18 |    13 |       ||    31
Dodge: Dodged            |    63 |    42 |   163 |   213 ||   481

Table legend:
 A = Spawn XP
 B = Non-spawn XP
 C = Spawn XP percentage of total XP
 D = Spawn monster count
 E = Non-spawn monster count
 F = Spawn count percentage of total count
 G = Total turns spent on level
                    A         B        C        D         E        F      G
               +---------+---------+-------+---------+---------+-------+---------
         Total |       0 |   15160 |   0.0 |       0 |     331 |   0.0 | 15963
               +---------+---------+-------+---------+---------+-------+---------
           D:1 |       0 |      30 |   0.0 |       0 |      18 |   0.0 |   976
           D:2 |       0 |      97 |   0.0 |       0 |      27 |   0.0 |  1233
           D:3 |       0 |     275 |   0.0 |       0 |      34 |   0.0 |  1548
           D:4 |       0 |     746 |   0.0 |       0 |      23 |   0.0 |  1486
           D:5 |       0 |    1223 |   0.0 |       0 |      42 |   0.0 |  1323
           D:6 |       0 |     451 |   0.0 |       0 |      17 |   0.0 |   927
           D:7 |       0 |    1474 |   0.0 |       0 |      17 |   0.0 |  1520
           D:8 |       0 |     289 |   0.0 |       0 |       6 |   0.0 |   505
           D:9 |       0 |    3837 |   0.0 |       0 |      68 |   0.0 |  2018
          D:10 |       0 |    1399 |   0.0 |       0 |      25 |   0.0 |   971
          D:11 |       0 |    1802 |   0.0 |       0 |      25 |   0.0 |  1269
          D:12 |       0 |    3537 |   0.0 |       0 |      29 |   0.0 |  2043
               +---------+---------+-------+---------+---------+-------+---------
